ITL
LOUISVILLE BATS @ AMARILLO ARCHDUKES
09/06/2030
 
TOP OF THE 1ST
Louisville Bats batting - Pitching for Amarillo Archdukes : RHP Sébastien Benoit
Pitching: RHP Sébastien Benoit
Batting: RHB Shawn Marshall 0-0: Called Strike
0-1: Foul Ball, location: 2F
0-2: Ball
1-2: Foul Ball, location: 2F
1-2: Foul Ball, location: 2F
1-2: Ball
2-2: Strikes out looking
Batting: LHB George Smith 0-0: Ball
1-0: Called Strike
1-1: Ground out 4-3 (Groundball, 4)
Batting: LHB Eduardo Gómez 0-0: Ball
1-0: Foul Ball, location: 2F
1-1: Foul Ball, location: 2F
1-2: Strikes out swinging
Top of the 1st over - 0 runs, 0 hits, 0 errors, 0 left on base; Louisville 0 - Amarillo 0
BOTTOM OF THE 1ST
Amarillo Archdukes batting - Pitching for Louisville Bats : RHP Germán Pérez
Pitching: RHP Germán Pérez
Batting: LHB Earl Wigfall 0-0: Fly out, F2 (Popup, 23F)
Batting: RHB Dave Anderson 0-0: Swinging Strike
0-1: Swinging Strike
0-2: Ball
1-2: Ball
2-2: Ball
3-2: Fly out, F4 (Popup, 34)
Batting: RHB Herb Bunch 0-0: Called Strike
0-1: Foul Ball, location: 2F
0-2: Fly out, F4 (Popup, 4)
Bottom of the 1st over - 0 runs, 0 hits, 0 errors, 0 left on base; Louisville 0 - Amarillo 0
TOP OF THE 2ND
Louisville Bats batting - Pitching for Amarillo Archdukes : RHP Sébastien Benoit
Batting: SHB Dave Henley 0-0: Foul Ball, location: 2F
0-1: Fly out, F9 (Flyball, 9LS)
Batting: RHB Zhong Shui 0-0: Ball
1-0: Ball
2-0: Foul Ball, location: 2F
2-1: Swinging Strike
2-2: Strikes out looking
Batting: SHB Ryan Roberts 0-0: Called Strike
0-1: Ball
1-1: Swinging Strike
1-2: Strikes out swinging
Top of the 2nd over - 0 runs, 0 hits, 0 errors, 0 left on base; Louisville 0 - Amarillo 0
BOTTOM OF THE 2ND
Amarillo Archdukes batting - Pitching for Louisville Bats : RHP Germán Pérez
Batting: RHB David Alonso 0-0: Ball
1-0: Called Strike
1-1: Swinging Strike
1-2: Strikes out swinging
Batting: RHB Rich Henley 0-0: Ball
1-0: Ball
2-0: Foul Ball, location: 2F
2-1: Swinging Strike
2-2: Fly out, F4 (Popup, 13)
Batting: RHB Eugenio Maldonado 0-0: SINGLE (Line Drive, 4D)
Batting: SHB Jeff Chambers 0-0: Foul Ball, location: 2F
0-1: Called Strike
0-2: Foul Ball, location: 2F
0-2: Fly out, F7 (Flyball, 7LM)
Bottom of the 2nd over - 0 runs, 1 hit, 0 errors, 1 left on base; Louisville 0 - Amarillo 0
TOP OF THE 3RD
Louisville Bats batting - Pitching for Amarillo Archdukes : RHP Sébastien Benoit
Batting: LHB Héctor Rentería 0-0: Called Strike
0-1: Ball
1-1: Foul Ball, location: 2F
1-2: Fly out, F8 (Line Drive, 8RXD)
Batting: SHB Martín Medina 0-0: Ball
1-0: Bunt for hit - play at first, batter OUT! 1-3
Batting: LHB John Horton 0-0: Ball
1-0: Foul Ball, location: 2F
1-1: Foul Ball, location: 2F
1-2: Strikes out swinging
Top of the 3rd over - 0 runs, 0 hits, 0 errors, 0 left on base; Louisville 0 - Amarillo 0
BOTTOM OF THE 3RD
Amarillo Archdukes batting - Pitching for Louisville Bats : RHP Germán Pérez
Batting: RHB Jon Krohne 0-0: Ball
1-0: Foul Ball, location: 2F
1-1: Swinging Strike
1-2: Strikes out swinging
Batting: LHB Jorge Fernández 0-0: Called Strike
0-1: TRIPLE (Flyball, 8RXD)
Batting: LHB Earl Wigfall 0-0: Fly out, F9 (Flyball, 9)
Batting: RHB Dave Anderson 0-0: Called Strike
0-1: Called Strike
0-2: Foul Ball, location: 2F
0-2: Ball
Wild Pitch!
Jorge Fernández scores
1-2: Ball
2-2: Strikes out looking
Bottom of the 3rd over - 1 run, 1 hit, 0 errors, 0 left on base; Louisville 0 - Amarillo 1
TOP OF THE 4TH
Louisville Bats batting - Pitching for Amarillo Archdukes : RHP Sébastien Benoit
Batting: RHB Shawn Marshall 0-0: Called Strike
0-1: Ball
1-1: Foul Ball, location: 2F
1-2: Foul Ball, location: 2F
1-2: Strikes out swinging
Batting: LHB George Smith 0-0: Ball
1-0: Ball
2-0: Ball
3-0: Called Strike
3-1: Base on Balls
Batting: LHB Eduardo Gómez 0-0: Called Strike
0-1: Swinging Strike
0-2: Ball
1-2: Ball
2-2: Ball
3-2: Strikes out swinging
Batting: SHB Dave Henley 0-0: Foul Ball, location: 2F
0-1: Foul Ball, location: 2F
0-2: Ball
1-2: Fielders Choice at 2nd, 5-4 (Groundball, 5)
Top of the 4th over - 0 runs, 0 hits, 0 errors, 1 left on base; Louisville 0 - Amarillo 1
BOTTOM OF THE 4TH
Amarillo Archdukes batting - Pitching for Louisville Bats : RHP Germán Pérez
Batting: RHB Herb Bunch 0-0: Ball
1-0: Ball
2-0: Called Strike
2-1: Foul Ball, location: 2F
2-2: Ball
3-2: Foul Ball, location: 2F
3-2: Strikes out swinging
Batting: RHB David Alonso 0-0: Ball
1-0: Called Strike
1-1: Ball
2-1: Foul Ball, location: 2F
2-2: Foul Ball, location: 2F
2-2: Fly out, F4 (Line Drive, 4)
Batting: RHB Rich Henley 0-0: Ball
1-0: Ball
2-0: Called Strike
2-1: Ground out 5-3 (Groundball, 56S)
Bottom of the 4th over - 0 runs, 0 hits, 0 errors, 0 left on base; Louisville 0 - Amarillo 1
TOP OF THE 5TH
Louisville Bats batting - Pitching for Amarillo Archdukes : RHP Sébastien Benoit
Batting: RHB Zhong Shui 0-0: Ball
1-0: Foul Ball, location: 2F
1-1: Foul Ball, location: 2F
1-2: Strikes out swinging
Batting: SHB Ryan Roberts 0-0: Ball
1-0: Ball
2-0: Called Strike
2-1: SINGLE (Flyball, 9LS)
Batting: LHB Héctor Rentería 0-0: Ball
1-0: Ball
2-0: Ball
3-0: Called Strike
3-1: Foul Ball, location: 2F
3-2: Fly out, F6 (Flyball, 6MD)
Batting: SHB Martín Medina 0-0: Called Strike
0-1: Called Strike
0-2: Foul Ball, location: 2F
0-2: Strikes out swinging
Top of the 5th over - 0 runs, 1 hit, 0 errors, 1 left on base; Louisville 0 - Amarillo 1
BOTTOM OF THE 5TH
Amarillo Archdukes batting - Pitching for Louisville Bats : RHP Germán Pérez
Batting: RHB Eugenio Maldonado 0-0: Swinging Strike
0-1: Ball
1-1: Fly out, F7 (Flyball, 78S)
Batting: SHB Jeff Chambers 0-0: Ball
1-0: Swinging Strike
1-1: Ground out 2-3 (Groundball, 15S)
Batting: RHB Jon Krohne 0-0: Called Strike
0-1: Ball
1-1: Swinging Strike
1-2: Ball
2-2: Ball
3-2: Strikes out swinging
Bottom of the 5th over - 0 runs, 0 hits, 0 errors, 0 left on base; Louisville 0 - Amarillo 1
TOP OF THE 6TH
Louisville Bats batting - Pitching for Amarillo Archdukes : RHP Sébastien Benoit
Batting: LHB John Horton 0-0: Ball
1-0: Foul Ball, location: 2F
1-1: Ball
2-1: Ground out 6-3 (Groundball, 56)
Batting: RHB Shawn Marshall 0-0: Fly out, F9 (Flyball, 89D)
Batting: LHB George Smith 0-0: Ball
1-0: Fly out, F7 (Flyball, 78M)
Top of the 6th over - 0 runs, 0 hits, 0 errors, 0 left on base; Louisville 0 - Amarillo 1
BOTTOM OF THE 6TH
Amarillo Archdukes batting - Pitching for Louisville Bats : RHP Germán Pérez
Batting: LHB Jorge Fernández 0-0: Ball
1-0: Ball
2-0: Swinging Strike
2-1: Fly out, F4 (Popup, 34S)
Batting: LHB Earl Wigfall 0-0: Foul Ball, location: 2F
0-1: Ball
1-1: Ball
2-1: Foul Ball, location: 2F
2-2: Ball
3-2: Foul Ball, location: 2F
3-2: Ground out 1-3 (Groundball, 15S)
Batting: RHB Dave Anderson 0-0: Ball
1-0: Ball
2-0: Called Strike
2-1: Ground out 3-1 (Groundball, 3S)
Bottom of the 6th over - 0 runs, 0 hits, 0 errors, 0 left on base; Louisville 0 - Amarillo 1
TOP OF THE 7TH
Louisville Bats batting - Pitching for Amarillo Archdukes : RHP Sébastien Benoit
Batting: LHB Eduardo Gómez 0-0: Ball
1-0: Foul Ball, location: 2F
1-1: Ball
2-1: Swinging Strike
2-2: Ball
3-2: Base on Balls
Batting: SHB Dave Henley 0-0: Ball
1-0: Foul Ball, location: 2F
1-1: Swinging Strike
1-2: Fielders Choice at 2nd, 5-4 (Groundball, 5L)
Batting: RHB Zhong Shui 0-0: Called Strike
0-1: Foul Ball, location: 2F
0-2: SINGLE (Line Drive, 78S)
Dave Henley to second
Batting: SHB Ryan Roberts 0-0: Ball
Dave Henley steals 3rd base
Zhong Shui to second
1-0: Ball
2-0: Ball
3-0: Base on Balls
Batting: LHB Héctor Rentería 0-0: Called Strike
0-1: Ball
1-1: Ball
2-1: Fly out, F3 (Line Drive, 3S)
Pitching: LHP Christiano Gomes
Batting: SHB Martín Medina 0-0: Ball
Wild Pitch!
Dave Henley scores
Zhong Shui to third
Ryan Roberts to second
1-0: Ball
2-0: Called Strike
2-1: Ball
3-1: Foul Ball, location: 2F
3-2: Foul Ball, location: 2F
3-2: Foul Ball, location: 2F
3-2: Strikes out looking
Top of the 7th over - 1 run, 1 hit, 0 errors, 2 left on base; Louisville 1 - Amarillo 1
BOTTOM OF THE 7TH
Amarillo Archdukes batting - Pitching for Louisville Bats : RHP Germán Pérez
Pinch Hitting: LHB António Chávez 0-0: Ball
1-0: Called Strike
1-1: Ball
2-1: Ground out U3 (Groundball, 34)
Batting: RHB David Alonso 0-0: Fly out, F9 (Flyball, 9)
Pinch Hitting: LHB John Frost 0-0: Ground out 2-3 (Groundball, 2R)
Bottom of the 7th over - 0 runs, 0 hits, 0 errors, 0 left on base; Louisville 1 - Amarillo 1
TOP OF THE 8TH
Louisville Bats batting - Pitching for Amarillo Archdukes : LHP Christiano Gomes
Now at 1B: Fernando Castellanos
Now at 3B: Mark Roy
Batting: LHB John Horton 0-0: Ball
1-0: Called Strike
1-1: Called Strike
1-2: Ball
2-2: Strikes out swinging
Batting: RHB Shawn Marshall 0-0: Called Strike
0-1: Swinging Strike
0-2: Strikes out looking
Batting: LHB George Smith 0-0: Called Strike
0-1: Ball
1-1: Ground out 4-3 (Groundball, 4M)
Top of the 8th over - 0 runs, 0 hits, 0 errors, 0 left on base; Louisville 1 - Amarillo 1
BOTTOM OF THE 8TH
Amarillo Archdukes batting - Pitching for Louisville Bats : RHP Germán Pérez
Batting: RHB Eugenio Maldonado 0-0: Called Strike
0-1: Foul Ball, location: 2F
0-2: Foul Ball, location: 2F
0-2: Ball
1-2: Ball
2-2: Strikes out looking
Batting: SHB Jeff Chambers 0-0: Called Strike
0-1: Ground out 6-3 (Groundball, 6)
Batting: RHB Jon Krohne 0-0: Ball
1-0: Called Strike
1-1: Ball
2-1: Ball
3-1: Ground out 4-3 (Groundball, 4)
Bottom of the 8th over - 0 runs, 0 hits, 0 errors, 0 left on base; Louisville 1 - Amarillo 1
TOP OF THE 9TH
Louisville Bats batting - Pitching for Amarillo Archdukes : LHP Christiano Gomes
Pitching: LHP Rob Lucas
Pinch Hitting: RHB Roberto Zamora 0-0: Ball
1-0: Called Strike
1-1: Foul Ball, location: 2F
1-2: SINGLE (Line Drive, 78S)
Pinch Runner at 1st Alberto Soto:
Batting: SHB Dave Henley 0-0: Ball
1-0: Ball
2-0: Fielders Choice at 2nd, 6-4 (Groundball, 6)
Batting: RHB Zhong Shui 0-0: Swinging Strike
0-1: Ball
1-1: Ball
2-1: Ground out 3-1 (Groundball, 34S)
Dave Henley to second
Batting: SHB Ryan Roberts 0-0: Foul Ball, location: 2F
0-1: Swinging Strike
0-2: Strikes out swinging
Top of the 9th over - 0 runs, 1 hit, 0 errors, 1 left on base; Louisville 1 - Amarillo 1
BOTTOM OF THE 9TH
Amarillo Archdukes batting - Pitching for Louisville Bats : RHP Germán Pérez
Pitching: RHP Larry Jenkins
Now in LF: Alberto Soto
Batting: LHB Jorge Fernández 0-0: DOUBLE (Flyball, 78XD)
Batting: LHB Earl Wigfall 0-0: Intentional Walk
Pinch Hitting: LHB José Martínez 0-0: SINGLE (Groundball, 4D)
Jorge Fernández to third
Earl Wigfall to second
Batting: RHB Mark Roy 0-0: Fly out, F8 (Flyball, 8RM)
Runner from 3rd tags up, OUT at HOME
Earl Wigfall to third
José Martínez to second
Pinch Hitting: LHB Jesús Bueno 0-0: Foul Ball, location: 2F
0-1: Ball
1-1: Ball
2-1: Ball
3-1: Base on Balls
Batting: RHB Fernando Castellanos 0-0: Ground out 4-3 (Groundball, 4M)
Bottom of the 9th over - 0 runs, 2 hits, 0 errors, 3 left on base; Louisville 1 - Amarillo 1
TOP OF THE 10TH
Louisville Bats batting - Pitching for Amarillo Archdukes : LHP Rob Lucas
Now in LF: José Martínez
Now in RF: Jesús Bueno
Pinch Hitting: RHB Danny Campbell 0-0: SOLO HOME RUN (Flyball, 78XD), Distance : 377 ft
Batting: SHB Martín Medina 0-0: Ball
1-0: Fly out, F6 (Line Drive, 6MD)
Batting: LHB John Horton 0-0: Ball
1-0: DOUBLE (Line Drive, 78D)
Batting: RHB Shawn Marshall 0-0: Intentional Walk
Batting: LHB George Smith 0-0: Swinging Strike
0-1: Foul Ball, location: 2F
0-2: Ball
1-2: Ball
2-2: Strikes out swinging
Batting: RHB Alberto Soto 0-0: SINGLE (Groundball, 4MD)
John Horton to third
Shawn Marshall to second
Runner from 3rd tries for Home, SAFE, no throw
Batting: SHB Dave Henley 0-0: Called Strike
0-1: Fly out, F8 (Flyball, 89D)
Top of the 10th over - 2 runs, 3 hits, 0 errors, 2 left on base; Louisville 3 - Amarillo 1
BOTTOM OF THE 10TH
Amarillo Archdukes batting - Pitching for Louisville Bats : RHP Larry Jenkins
Pitching: RHP Jesús Sánchez
Now at 3B: Don Soper
Now in LF: Jesús Núńez
Now in RF: Danny Campbell
Batting: RHB Eugenio Maldonado 0-0: Ball
1-0: Called Strike
1-1: Ball
2-1: Called Strike
2-2: Fly out, F4 (Popup, 23)
Batting: SHB Jeff Chambers 0-0: Ball
1-0: Foul Ball, location: 2F
1-1: Swinging Strike
1-2: Ball
2-2: Strikes out swinging
Batting: RHB Jon Krohne 0-0: Ball
1-0: Ground out 1-3 (Groundball, P)
Bottom of the 10th over - 0 runs, 0 hits, 0 errors, 0 left on base; Louisville 3 - Amarillo 1
Saturday, April 7th, 2018 - OOTP Baseball 18.8 Build 76